Map: Scalo orbitale

Players

Space - Winner!

  • Race: Protoss Protoss
  • League: Master

Jhyrachy

  • Race: Zerg Zerg
  • League: Silver

VOD

Have the link to the VOD?

Description

Time

  • Played on: Jan. 20, 2016, 9:32 a.m.
  • Length: 10:31
Show
View Real Time Build Order
Export as new Build Order

Space Protoss - Winner!

Build Orders: Nexus First 

Get SALT Encoding   

  12  0:01  Probe (Chrono Boost)  
  13  0:11  Probe (Chrono Boost)  
  14  0:21  Pylon  
  14  0:23  Probe (Chrono Boost)  
  15  0:39  Probe (Chrono Boost)  
  16  0:50  Probe (Chrono Boost)  
  17  0:58  Nexus  
  17  1:03  Probe (Chrono Boost)  
  18  1:11  Gateway  
  18  1:14  Probe (Chrono Boost)  
  19  1:21  Assimilator  
  19  1:24  Assimilator  
  19  1:27  Probe (Chrono Boost)  
  20  1:38  Probe (Chrono Boost)  
  21  1:53  Probe (Chrono Boost)  
  22  1:59  Cybernetics Core  
  22  2:01  Gateway  
  22  2:03  Probe (Chrono Boost)  
  23  2:13  Zealot  
  23  2:14  Probe x2 (Chrono Boost)  
  27  2:25  Probe x2 (Chrono Boost)  
  29  2:35  Probe (Chrono Boost)  
  29  2:36  Probe (Chrono Boost), Warp Gate  
  31  2:40  Adept (Chrono Boost)  
  33  2:46  Probe (Chrono Boost), Mothership Core (Chrono Boost)  
  35  2:57  Probe (Chrono Boost)  
  36  3:00  Adept (Chrono Boost)  
  38  3:15  Pylon  
  38  3:21  Stargate  
  38  3:27  Pylon  
  38  3:33  Probe x2 (Chrono Boost)  
  40  3:38  Sentry x2  
  44  3:44  Probe x2 (Chrono Boost)  
  46  3:54  Probe x2 (Chrono Boost)  
  48  3:56  Assimilator  
  48  3:58  Assimilator  
  48  4:04  Pylon  
  48  4:05  Probe x2 (Chrono Boost)  
  50  4:15  Probe x2 (Chrono Boost)  
  52  4:22  Oracle  
  55  4:26  Probe x2 (Chrono Boost)  
  57  4:32  Pylon  
  57  4:34  Nexus  
  57  4:36  Probe x2 (Chrono Boost)  
  59  4:42  Gateway  
  59  4:50  Gateway  
  59  4:52  Sentry x2  
  57  4:55  Forge  
  57  4:59  Probe (Chrono Boost), Pylon x2  
  60  5:02  Probe (Chrono Boost)  
  61  5:10  Probe (Chrono Boost)  
  61  5:12  Probe (Chrono Boost)  
  63  5:19  Sentry  
  63  5:20  Probe (Chrono Boost)  
  63  5:21  Sentry  
  68  5:23  Probe (Chrono Boost)  
  68  5:24  Protoss Ground Weapons Level 1  
  69  5:36  Twilight Council  
  69  5:40  Robotics Facility  
  69  5:44  Probe x2 (Chrono Boost)  
  69  5:46  Probe (Chrono Boost)  
  72  5:54  Probe x2 (Chrono Boost)  
  72  5:55  Adept x3  
  72  5:56  Probe (Chrono Boost)  
  81  5:57  Adept  
  83  6:05  Probe x2 (Chrono Boost)  
  83  6:06  Probe (Chrono Boost)  
  83  6:11  Charge (Chrono Boost)  
  86  6:15  Probe x3 (Chrono Boost)  
  89  6:20  Zealot x2  
  89  6:21  Zealot x2  
  97  6:26  Probe  
  97  6:27  Probe x2  
  97  6:29  Pylon  
  97  6:32  Pylon  
  100  6:36  Pylon  
  100  6:39  Probe, Pylon  
  101  6:40  Assimilator x2  
  101  6:47  Probe  
  101  6:50  Templar Archives, Gateway  
  101  6:53  Gateway  
  102  6:55  Gateway x2  
  102  6:57  Gateway  
  102  7:07  Gateway  
  102  7:08  Gateway  
  102  7:10  Gateway  
  102  7:12  Gateway, Observer (Chrono Boost)  
  102  7:13  Robotics Facility  
  103  7:20  Zealot x4  
  103  7:22  Protoss Ground Weapons Level 2 (Chrono Boost)  
  111  7:29  Psionic Storm  
  108  7:31  Warp Prism (Chrono Boost)  
  110  7:46  Zealot x4  
  118  7:53  Zealot x5  
  132  8:05  Immortal (Chrono Boost)  
  132  8:17  Pylon  
  132  8:18  Pylon x2  
  132  8:19  Pylon  
  132  8:35  High Templar  
  132  8:36  Immortal (Chrono Boost), High Templar x2  
  132  8:37  High Templar x3  
  132  8:40  High Templar  
  132  8:41  High Templar  
  152  8:43  Zealot x2  
  152  8:44  Zealot  
  152  8:45  Archon  
  152  8:46  Archon x3  
  158  8:59  Immortal (Chrono Boost)  
  158  9:01  Zealot x2  
  164  9:15  Pylon  
  164  9:18  Pylon  
  164  9:20  Pylon  
  164  9:23  Nexus  
  164  9:26  Pylon  
  164  9:28  Immortal  
  164  9:29  Immortal  
  164  9:37  High Templar x2  
  164  9:38  Zealot x4  
  180  9:39  Zealot x2  
  180  9:42  Pylon  
  180  9:44  Archon  
  188  9:46  Pylon  
  188  9:48  Pylon  
  186  10:23  Zealot x5  
  186  10:24  Zealot x2  
Show
View Real Time Build Order
Export as new Build Order

Jhyrachy Zerg 

Build Orders: Hatch First, Lurkers 

Get SALT Encoding   

  12  0:02  Drone  
  13  0:10  Drone  
  14  0:17  Overlord  
  14  0:37  Drone x2  
  14  0:38  Drone  
  17  0:58  Hatchery  
  17  1:00  Drone  
  17  1:12  Spawning Pool  
  17  1:17  Drone  
  17  1:21  Extractor  
  16  1:26  Drone  
  17  1:41  Overlord  
  17  1:55  Drone x2  
  19  2:02  Queen  
  21  2:09  Zergling x2  
  21  2:11  Drone  
  21  2:12  Drone  
  21  2:14  Queen  
  26  2:34  Drone x2  
  28  2:38  Drone x2  
  29  3:16  Zergling x6  
  29  3:18  Lair  
  32  3:28  Drone x4  
  36  3:38  Overlord x2  
  36  3:59  Spore Crawler  
  35  4:03  Spore Crawler  
  35  4:09  Drone x5  
  37  4:17  Extractor, Zergling x2  
  37  4:18  Zergling x12  
  37  4:23  Queen  
  42  4:49  Hydralisk Den  
  40  5:01  Drone  
  40  5:02  Drone x2  
  40  5:05  Drone  
  44  5:12  Overlord x3  
  44  5:22  Muscular Augments  
  37  5:51  Drone  
  37  5:52  Drone x2  
  40  5:59  Extractor  
  40  6:01  Drone x3  
  40  6:02  Drone x2, Extractor  
  42  6:20  Hatchery  
  41  6:27  Hydralisk  
  41  6:28  Hydralisk x10  
  60  6:49  Drone x3  
  63  6:54  Lurker Den  
  63  7:03  Overseer  
  63  7:19  Drone x5  
  68  7:45  Queen  
  70  7:59  Overlord x2  
  70  8:00  Overlord x2  
  70  8:10  Hydralisk  
  70  8:11  Hydralisk  
  74  8:26  Hydralisk x8  
  74  8:27  Hydralisk  
  92  8:37  Lurker x2  
  94  8:45  Hydralisk  
  79  9:17  Lurker  
  79  9:18  Lurker  
Tags
 
Add a new tag
Caveats
  • Supply blocks, unpowered buildings, or Contaminate may cause inaccurate times.
  • Supply counts are checked every 10 seconds.